 Dungeon Crawl Stone Soup version 0.21.1-1-g345015f (webtiles) character file.

2456 4thArraOfDagon the Reanimator (level 9, -7/74 HPs)
             Began as a Deep Dwarf Necromancer on June 8, 2018.
             Was a Believer of Makhleb.
             Mangled by an orc knight
             ... wielding a +0 dire flail
              (23 damage)
             ... on level 2 of the Orcish Mines.
             The game lasted 00:12:17 (1844 turns).

4thArraOfDagon the Reanimator (DDNe)                Turns: 1844, Time: 00:12:18

Health: -7/74      AC: 16    Str: 20    XL:     9   Next: 26%
Magic:  4/15       EV: 12    Int: 18    God:    Makhleb [**....]
Gold:   119        SH:  0    Dex: 21    Spells: 8/17 levels left

rFire    x . .     SeeInvis .   h - +0 war axe
rCold    x . .     Gourm    .   (no shield)
rNeg     . . .     Faith    .   k - +5 ring mail of the Moon {rF- rC- Str+7 Dex+8}
rPois    .         Spirit   .   (no helmet)
rElec    .         Reflect  .   d - +0 cloak
rCorr    .         Harm     .   q - +1 pair of gloves
MR       +....                  (no boots)
Stlth    ++........             (no amulet)
HPRegen  0.00/turn              (no ring)
MPRegen  0.14/turn              (no ring)

@: non-regenerating, hasted, very quick
A: damage resistance, heal wounds, thin metallic scales 1, sense surroundings 2,
robust 1, shaggy fur 1, no regeneration
a: Heal Wounds, Minor Destruction, Renounce Religion


You were on level 2 of the Orcish Mines.
You worshipped Makhleb.
Makhleb was pleased with you.
You were hungry.

You visited 3 branches of the dungeon, and saw 13 of its levels.

You collected 119 gold pieces.

Inventory:

Hand Weapons
 h - a +0 war axe (weapon)
Missiles
 r - a throwing net (quivered)
Armour
 a - a +0 robe
 d - a +0 cloak (worn)
 e - a +0 ring mail
 k - the +5 ring mail of the Moon (worn) {rF- rC- Str+7 Dex+8}
   (You found it on level 6 of the Dungeon)

   It affects your strength (+7).
   It affects your dexterity (+8).
   It makes you vulnerable to fire.
   It makes you vulnerable to cold.
 q - a +1 pair of gloves (worn)
Magical Staves
 t - an uncursed staff of conjuration {!a}
Jewellery
 i - an uncursed ring of ice
Scrolls
 f - a scroll of teleportation
 g - a scroll of identify
 j - a scroll of enchant weapon
 l - 3 scrolls of amnesia
 n - 2 scrolls of remove curse {unknown}
 o - a scroll of enchant armour {unknown}
 s - 2 scrolls of fear
Potions
 m - 2 potions of curing
 u - a potion of haste
Books
 b - a book of Necromancy

   Spells                             Type                      Level
   a - Pain                           Necromancy                   1
   b - Animate Skeleton               Necromancy                   1
   c - Vampiric Draining              Necromancy                   3
   d - Regeneration                   Charms/Necromancy            3
   e - Animate Dead                   Necromancy                   4
   f - Borgnjor's Vile Clutch         Necromancy/Earth             5
Comestibles
 c - 8 rations
 p - 7 chunks of flesh


   Skills:
 * Level 7.2 Axes
 - Level 2.1 Dodging
 - Level 2.4 Stealth
 + Level 4.5 Spellcasting
 * Level 9.0 Necromancy
 * Level 7.6 Earth Magic


You had 8 spell levels left.
You knew the following spells:

 Your Spells              Type           Power        Failure   Level  Hunger
a - Pain                  Necr           ####         1%          1    None
b - Vampiric Draining     Necr           #####.....   1%          3    ###....
c - Borgnjor's Vile Clut  Necr/Erth      ####......   22%         5    ######.


Dungeon Overview and Level Annotations

Branches:
Dungeon (10/15)            Temple (1/1) D:6            Lair (0/6) D:8
    Orc (2/2) D:10
    Elf: Orc:2

Altars:
Ashenzari
Cheibriados
Dithmenos
Fedhas
Gozag
Hepliaklqana
Makhleb
Nemelex Xobeh
Okawaru
Qazlal
Trog
Uskayaw
Vehumet
Yredelemnul
Zin
The Shining One

Annotations:
D:4 Ijyb
D:7 2 transporters
D:9 diana's ghost, novice FoFi


Innate Abilities, Weirdness & Mutations

You are resistant to damage.
You can heal yourself by infusing magical energy.
You passively map the area around you.
You do not regenerate.
You are partially covered in thin metallic scales. (AC +2)
You are robust. (+10% HP)
You are covered in fur. (AC +1)


Message History

The zombie hands constrict the orc.
You kill the orc!
Makhleb accepts your kill.
The zombie hands constrict the orc knight.
The zombie hands constrict the orc priest!
The zombie hands release their grip on the orc warrior.
The orc priest roars noisily.
The orc priest calls upon Beogh to heal the orc warrior.
The orc warrior is healed somewhat.
The orc priest invokes the aid of Beogh against you.
Beogh smites you! The orc warrior barely misses you.
The orc priest calls upon Beogh to heal the orc warrior.
The orc warrior is healed somewhat.
The orc knight struggles to escape constriction.
The orc priest calls upon Beogh to heal the orc knight.
The orc knight is healed somewhat.
The orc warrior hits you with a dire flail!!
* * * LOW HITPOINT WARNING * * *
The orc knight hits you with a dire flail!!
You die...

##### * * # #....
### , * * #.
....,..## * ,,
...,o.. ... ## ,
**** .. oo ..,.. ,
,, ,
.#.#o#o#.#.#.#. * ,
....o)oo))..... ,,,
, ,
.o.oooo@)oo..#,*,
,, ,
....oooooo.....,,,
,
*.#.#.#o#.#.#.#.*,*
* * , , .o,.o,o. ..
, , * ... ... o..
## , ** #.
....,..##* , #
#.... ### , , #####


You could see 2 orc knights, an orc high priest, 2 orc warriors, 12 orc priests
and 9 orcs.

Vanquished Creatures
  A wyvern (D:10)
  8 orc warriors
  A sky beast (D:7)
  A black bear (D:6)
  2 centaurs
  An ogre (D:10)
  A crocodile (D:9)
  5 bullfrogs
  A scorpion (D:9)
  4 howler monkeys
  A centaur zombie (D:7)
  A hound (D:10)
  2 jellies
  4 orc priests
  An iguana (D:5)
  3 orc wizards
  2 worker ants
  A hound skeleton (D:10)
  5 gnolls
  2 adders
  An adder skeleton (D:7)
  A leopard gecko (D:6)
  43 orcs
  2 giant cockroaches
  A hobgoblin (D:2)
  A quokka zombie (D:7)
  A rat (D:3)
97 creatures vanquished.

Notes
Turn   | Place    | Note
-------+----------+-------------------------------------------
     0 | D:1      | 4thArraOfDagon the Deep Dwarf Necromancer began the quest for the Orb.
     0 | D:1      | Reached XP level 1. HP: 15/15 MP: 3/3
   155 | D:3      | Found a hide-covered altar of Uskayaw.
   257 | D:4      | Noticed Ijyb
   302 | D:5      | Entered Level 5 of the Dungeon
   319 | D:4      | Reached XP level 2. HP: 19/22 MP: 0/5
   376 | D:5      | Found a blossoming altar of Fedhas.
   406 | D:5      | Reached skill level 1 in Axes
   406 | D:5      | Reached skill level 5 in Necromancy
   406 | D:5      | Reached XP level 3. HP: 20/28 MP: 0/6
   420 | D:5      | Noticed a centaur
   431 | D:5      | Gained mutation: You are covered in fur. (AC +1) [potion of mutation]
   431 | D:5      | Gained mutation: You are robust. (+10% HP) [potion of mutation]
   431 | D:5      | Gained mutation: You are partially covered in thin metallic scales. (AC +2) [potion of mutation]
   440 | D:5      | Killed a centaur
   440 | D:5      | Reached XP level 4. HP: 31/39 MP: 2/7
   463 | D:5      | Learned a level 3 spell: Vampiric Draining
   475 | D:5      | Reached XP level 5. HP: 37/46 MP: 2/8
   581 | D:6      | Reached skill level 6 in Necromancy
   603 | D:7      | Learned a level 5 spell: Borgnjor's Vile Clutch
   607 | D:7      | Noticed a sky beast
   607 | D:7      | Noticed an orc warrior
   629 | D:7      | Noticed a centaur
   682 | D:7      | Killed a centaur
   682 | D:7      | Reached skill level 1 in Earth Magic
   682 | D:7      | Reached XP level 6. HP: 15/53 MP: 1/10
   696 | D:7      | Found a transporter.
   701 | D:7      | Noticed a kobold demonologist
   710 | D:7      | Found a transporter.
   814 | D:6      | Found a basalt altar of Yredelemnul.
   844 | D:6      | Got a translucent ring mail
   855 | D:6      | Identified the +5 ring mail of the Moon {rF- rC- Str+7 Dex+8} (You found it on level 6 of the Dungeon)
   899 | D:6      | Found a staircase to the Ecumenical Temple.
   904 | Temple   | Entered the Ecumenical Temple
   905 | Temple   | Sergey: how do you think whatrune isthe easiest for formicid as 3rd?
   954 | Temple   | 4thArraOfDagon: hmm
   954 | Temple   | 4thArraOfDagon: I would say
   954 | Temple   | 4thArraOfDagon: abyss or
   954 | Temple   | Sergey: I am with zin
   954 | Temple   | 4thArraOfDagon: abyss
   954 | Temple   | Sergey: so I consider abyss really
   954 | Temple   | 4thArraOfDagon: ye
   954 | Temple   | 4thArraOfDagon: good choice imo
   970 | Temple   | Sergey: ok, Ill try
  1095 | D:5      | Found a burning altar of Makhleb.
  1105 | D:5      | Became a worshipper of Makhleb the Destroyer
  1139 | D:5      | Found a shadowy altar of Dithmenos.
  1164 | D:6      | Reached XP level 7. HP: 39/60 MP: 2/11
  1181 | D:6      | Found a sparkling altar of Nemelex Xobeh.
  1307 | D:7      | Reached skill level 7 in Necromancy
  1424 | D:8      | Reached skill level 5 in Axes
  1465 | D:8      | Reached * piety under Makhleb
  1486 | D:8      | Found a staircase to the Lair.
  1533 | D:9      | Reached XP level 8. HP: 53/68 MP: 7/13
  1540 | D:9      | Reached skill level 5 in Earth Magic
  1612 | D:9      | Noticed diana's ghost (novice FoFi)
  1632 | D:10     | Entered Level 10 of the Dungeon
  1679 | D:10     | Reached skill level 8 in Necromancy
  1801 | D:10     | Reached ** piety under Makhleb
  1817 | D:10     | Gained mutation: You passively map the area around you. [Deep Dwarf growth]
  1817 | D:10     | Reached XP level 9. HP: 58/74 MP: 10/15
  1823 | D:10     | Found a staircase to the Orcish Mines.
  1832 | Orc:1    | Entered Level 1 of the Orcish Mines
  1832 | Orc:1    | Noticed an orc knight
  1832 | Orc:1    | Noticed an ettin
  1837 | Orc:2    | Entered Level 2 of the Orcish Mines
  1837 | Orc:2    | Noticed an orc knight
  1837 | Orc:2    | Noticed an orc knight
  1839 | Orc:2    | Noticed an orc high priest
  1844 | Orc:2    | Reached skill level 9 in Necromancy
  1844 | Orc:2    | Mangled by an orc knight

Skill      XL: |  1  2  3  4  5  6  7  8  9 |
---------------+----------------------------+-----
Spellcasting   | 2 3 4 |  4.5
Axes           | 1 2 3 4 5 6 7 |  7.2
Necromancy     | 5 6 7 8 9 |  9.0
Earth Magic    | 1 3 4 7 |  7.6
Dodging        | |  2.1
Stealth        | |  2.4

Action                   |  1- 3 |  4- 6 |  7- 9 || total
-------------------------+-------+-------+-------++-------
Melee: Unarmed           |     3 |       |       ||     3
       War axe           |    11 |    31 |   169 ||   211
 Cast: Pain              |    18 |     6 |       ||    24
       Vampiric Draining |       |    14 |    17 ||    31
       Borgnjor's Vile C |       |       |     5 ||     5
 Abil: Heal Wounds       |     1 |       |       ||     1
  Use: Potion            |     3 |       |     2 ||     5
       Scroll            |       |     8 |     1 ||     9
 Stab: Sleeping          |       |       |     3 ||     3
  Eat: Chunk             |       |     3 |     5 ||     8
Armor: Ring mail         |    13 |    51 |    71 ||   135
Dodge: Dodged            |    23 |    54 |   139 ||   216
